 Dungeon Crawl Stone Soup version 0.24-a0-584-g9d6b971ae4 (webtiles) character file.

Game seed: 17087580918919596616, levelgen mode: deterministic

986 Peloso the Slasher (level 7, -3/61 HPs)
             Began as a Minotaur Fighter on Aug 31, 2019.
             Was a Follower of Okawaru.
             Slain by an ice beast (12 damage)
             ... on level 5 of the Dungeon.
             The game lasted 00:08:11 (3199 turns).

Peloso the Slasher (Minotaur Fighter)               Turns: 3199, Time: 00:08:12

Health: -3/61      AC: 10    Str: 21    XL:     7   Next: 97%
Magic:  15/15      EV:  9    Int:  5    God:    Okawaru [*.....]
Gold:   230        SH: 10    Dex: 11    Spells: 6/6 levels left

rFire    . . .     SeeInvis .   a - +1 falchion (freeze)
rCold    . . .     Gourm    .   c - +0 shield
rNeg     . . .     Faith    .   b - +0 scale mail
rPois    .         Spirit   .   (helmet restricted)
rElec    .         Reflect  .   (no cloak)
rCorr    .         Harm     .   i - +2 pair of gloves
MR       .....                  (no boots)
Stlth    ..........             (no amulet)
HPRegen  0.20/turn              u - ring of magical power
MPRegen  0.14/turn              (no ring)

@: no status effects
A: retaliatory headbutt, horns 2
a: Heroism, Renounce Religion


You were on level 5 of the Dungeon.
You worshipped Okawaru.
Okawaru was aware of your devotion.
You were hungry.

You visited 2 branches of the dungeon, and saw 6 of its levels.

You collected 256 gold pieces.
You spent 26 gold pieces at shops.

Inventory:

Hand Weapons
 a - a +1 falchion of freezing (weapon)
Armour
 b - a +0 scale mail (worn)
 c - a +0 shield (worn)
 i - a +2 pair of gloves (worn)
Jewellery
 u - a ring of magical power (left hand)
Wands
 q - a wand of scattershot (4)
Scrolls
 e - 3 scrolls of identify
 h - 2 scrolls of amnesia
 k - 3 scrolls of remove curse {unknown}
 l - a scroll of random uselessness {unknown}
 m - a scroll of enchant armour {unknown}
 o - 4 scrolls of teleportation
 r - a scroll of blinking {unknown}
Potions
 d - 2 potions of might
 g - a potion of brilliance
 j - a potion of magic
 n - 2 potions of agility
 s - a potion of invisibility {unknown}
 t - a potion of mutation {unknown}
Comestibles
 f - 11 rations
 p - a chunk of flesh


   Skills:
 + Level 5.0 Fighting
 + Level 7.4 Long Blades
 + Level 6.3 Armour
 + Level 2.5 Dodging
 + Level 0.1 Stealth
 + Level 5.8 Shields


You had 6 spell levels left.
You didn't know any spells.
Your spell library contained the following spells:

 Spells                   Type           Power        Failure   Level  Hunger
 Animate Skeleton         Necr           N/A          99%         1    ##.....
 Corona                   Hex            #......      99%         1    ##.....
 Pain                     Necr           #...         99%         1    ##.....
 Ensorcelled Hibernation  Hex/Ice        #.....       100%        2    ###....
 Confuse                  Hex            #.......     100%        3    ####...
 Dazzling Spray           Conj/Hex       #.....       100%        3    ####...
 Regeneration             Chrm/Necr      #.........   100%        3    ####...
 Tukima's Dance           Hex            #.......     100%        3    ####...
 Vampiric Draining        Necr           #.........   100%        3    ####...
 Animate Dead             Necr           N/A          100%        4    #####..


Dungeon Overview and Level Annotations

Branches:
Dungeon (5/15)             Temple (1/1) D:4

Altars:
Ashenzari
Cheibriados
Dithmenos
Elyvilon
Hepliaklqana
Kikubaaqudgha
Nemelex Xobeh
Okawaru
Ru
Sif Muna
Uskayaw
Vehumet
Xom
Yredelemnul
Zin
The Shining One

Shops:
D:4 (   D:5 =


Innate Abilities, Weirdness & Mutations

You reflexively headbutt those who attack you in melee.
You have a pair of horns on your head.


Message History

You barely miss the ice beast.
The ice beast is severely wounded.
You block the ice beast's attack.
You hit the ice beast but do no damage.
The ice beast is severely wounded.
The ice beast hits you.
* * * LOW HITPOINT WARNING * * *
The ice beast freezes you.
* * * LOW HITPOINT WARNING * * *
You hit the ice beast but do no damage.
You headbutt the ice beast, but do no damage.
The ice beast is severely wounded.
You block the ice beast's attack.
Unknown command.
You hit the ice beast but do no damage. Your headbutt misses the ice beast.
The ice beast is severely wounded.
The ice beast hits you.
* * * LOW HITPOINT WARNING * * *
The ice beast freezes you!
You die...

.# #.#.......................# .#
#.#..####.....####........# .#
#.#..#[.##...##.$#........# ##
#.#..#...##.##...#........# #
#.#..##...#.#...##........#
#.#...##.'#.#'.##...#.#####
#.#....###...###....#.#####
#######.#........8...............
..<.....#....###@..###....#.##...
#...###.....##.Y#.#รท.##..........
#...##.....##...#.#...##..#.##...
#...##.....#...##.##...#....##...
....##.....#?.##...##.(#...######
...........####.....####...#
.....#.....................#
.....#.....................#
..............###.#.########


You could see an ice beast.

Vanquished Creatures
  An ice beast (D:5)
  A phantom (D:5)
  An ogre (D:4)
  A centaur (D:5)
  A bullfrog (D:5)
  A scorpion (D:4)
  A vampire bat (D:3)
  2 crimson imps (D:5)
  A centaur zombie (D:5)
  A bullfrog zombie (D:5)
  A jelly (D:5)
  A bullfrog skeleton (D:5)
  An orc wizard (D:5)
  A worker ant (D:4)
  A hound zombie (D:5)
  11 adders
  2 shadow imps (D:5)
  An ooze (D:5)
  An adder skeleton (D:5)
  3 dart slugs
  A leopard gecko (D:2)
  12 orcs
  A ball python (D:4)
  14 bats
  7 giant cockroaches
  12 goblins
  7 hobgoblins
  3 jackals
  13 kobolds
  5 quokkas
  4 frilled lizards
  A leopard gecko skeleton (D:5)
  2 rats (D:2)
116 creatures vanquished.

Vanquished Creatures (others)
  A human (D:2)
1 creature vanquished.

Grand Total: 117 creatures vanquished

Notes
Turn   | Place    | Note
-------+----------+-------------------------------------------
     0 | D:1      | Peloso the Minotaur Fighter began the quest for the Orb.
     0 | D:1      | Reached XP level 1. HP: 19/19 MP: 0/0
    67 | D:1      | Reached XP level 2. HP: 21/27 MP: 1/1
   378 | D:1      | Reached XP level 3. HP: 33/33 MP: 2/2
   673 | D:2      | Reached skill level 3 in Long Blades
   941 | D:2      | Found a sparkling altar of Nemelex Xobeh.
   957 | D:2      | Reached skill level 1 in Dodging
   957 | D:2      | Reached XP level 4. HP: 39/40 MP: 3/3
  1017 | D:2      | Found an ancient bone altar of Kikubaaqudgha.
  1017 | D:2      | Noticed a human
  1323 | D:2      | Killed a human
  1351 | D:3      | Found a shattered altar of Ashenzari.
  1827 | D:3      | Reached skill level 5 in Armour
  1914 | D:3      | Reached XP level 5. HP: 43/46 MP: 4/4
  1970 | D:4      | Noticed an ogre
  1980 | D:4      | Killed an ogre
  1980 | D:4      | Reached skill level 4 in Long Blades
  2078 | D:4      | Reached XP level 6. HP: 53/53 MP: 5/5
  2085 | D:4      | Found Ruunki's Antique Weapon Boutique.
  2089 | D:4      | Reached skill level 5 in Shields
  2091 | D:4      | Reached skill level 5 in Long Blades
  2172 | D:4      | Found a staircase to the Ecumenical Temple.
  2180 | Temple   | Entered the Ecumenical Temple
  2522 | D:5      | Entered Level 5 of the Dungeon
  2676 | D:5      | Found an iron altar of Okawaru.
  2685 | D:5      | Reached XP level 7. HP: 42/60 MP: 6/6
  2689 | D:5      | Became a worshipper of Warmaster Okawaru
  2748 | D:5      | Reached skill level 6 in Long Blades
  2811 | D:5      | Found Zethyi's Jewellery Shoppe.
  2969 | D:5      | Bought a cursed amulet of inaccuracy for 26 gold pieces
  2986 | D:5      | Found an ancient bone altar of Kikubaaqudgha.
  2987 | D:5      | Found a shimmering blue altar of Sif Muna.
  2989 | D:5      | Found a radiant altar of Vehumet.
  2991 | D:5      | Identified Kikubaaqudgha's Compendium of Sinister Rites
  3080 | D:5      | Found a white marble altar of Elyvilon.
  3150 | D:5      | Reached * piety under Okawaru
  3162 | D:5      | Reached skill level 7 in Long Blades
  3174 | D:5      | Reached skill level 5 in Fighting
  3199 | D:5      | Slain by an ice beast

Levels and vault maps discovered:
D:1:      dpeg_arrival_brainrot, layout_rooms
D:2:      layout_basic, nicolae_overflow_crystal_walls, tgw_kikubaaqudgha
D:3:      layout_basic, cheibrodos_ashenzari_chains, first_ration,
          roderic_batcave, minmay_misc_feat_plants, kennysheep_boxes
D:4:      layout_cave_pools, minmay_temple_entry_offerings, serial_shops, shop
D:5:      cheibrodos_barr_body, layout_rooms,
          grunt_temple_overflow_magic_moments, kennysheep_little_box,
          elyvilon_altar_5, serial_shops, nicolae_shop_statue_plus
Temple:   dpeg_three_leaves_temple

Skill      XL: |  1  2  3  4  5  6  7 |
---------------+----------------------+-----
Armour         | 4 5 6 |  6.3
Fighting       | 4 5 |  5.0
Shields        | 4 5 |  5.8
Long Blades    | 3 4 5 7 |  7.4
Dodging        | 1 2 |  2.5
Stealth        | |  0.1

Action                   |  1- 3 |  4- 6 |  7- 9 || total
-------------------------+-------+-------+-------++-------
Melee: Long sword        |   102 |    42 |       ||   144
       Headbutt          |    10 |    27 |    19 ||    56
       Falchion          |       |    98 |   101 ||   199
  Use: Potion            |     3 |       |       ||     3
       Scroll            |       |     6 |       ||     6
  Eat: Chunk             |       |     6 |     1 ||     7
Armor: Scale mail        |    58 |    57 |    20 ||   135
Dodge: Dodged            |    32 |    60 |    19 ||   111
Block: Shield            |    64 |    76 |    36 ||   176
       Rpst.: Long sword |     7 |     8 |       ||    15
       Falchion          |       |    11 |     6 ||    17

Table legend:
 A = Non-vault XP
 B = Vault XP
 C = Vault XP percentage of total XP
 D = Non-vault monster count
 E = Vault monster count
 F = Vault count percentage of total count
                 A         B        C        D         E       F
            +---------+---------+-------+---------+---------+-------
      Total |     939 |     470 |  33.4 |      97 |      19 |  16.4
            +---------+---------+-------+---------+---------+-------
        D:1 |      47 |       2 |   4.1 |      24 |       1 |   4.0
        D:2 |      54 |       0 |   0.0 |      20 |       0 |   0.0
        D:3 |      69 |      74 |  51.7 |      17 |       9 |  34.6
        D:4 |     282 |       0 |   0.0 |      18 |       0 |   0.0
        D:5 |     487 |     394 |  44.7 |      18 |       9 |  33.3
            +---------+---------+-------+---------+---------+-------
